Map: New Gettysburg LE

Players

oros

  • Race: Zerg Zerg
  • League: Diamond

NEEDZMOAR - Winner!

  • Race: Zerg Zerg
  • League: Master

VOD

Have the link to the VOD?

Description

Time

  • Played on: Oct. 4, 2016, 1:30 p.m.
  • Length: 7:46
Show
View Real Time Build Order
Export as new Build Order

oros Zerg 

Build Orders: Hatch First 

Get SALT Encoding   

  12  0:00  Drone  
  13  0:09  Drone  
  14  0:18  Overlord  
  14  0:27  Extractor  
  14  0:28  Extractor, Drone  
  13  0:30  Drone  
  16  0:38  Drone  
  17  0:54  Hatchery  
  16  0:58  Drone  
  16  1:02  Drone  
  18  1:05  Extractor  
  17  1:17  Spawning Pool  
  16  1:21  Drone  
  16  1:24  Drone  
  18  1:29  Drone  
  19  1:38  Overlord  
  19  1:48  Drone  
  20  2:04  Queen  
  20  2:08  Queen  
  22  2:14  Zergling x2  
  26  2:15  Zergling x2  
  26  2:19  Drone  
  27  2:23  Drone  
  27  2:25  Drone  
  27  2:29  Drone  
  30  2:33  Drone  
  31  2:39  Drone  
  32  2:50  Queen  
  34  2:52  Drone x2  
  36  3:06  Overlord  
  36  3:27  Drone x8  
  36  3:29  Overlord  
  36  3:30  Roach Warren, Evolution Chamber  
  42  3:36  Drone x2  
  44  3:46  Overlord  
  44  3:51  Queen  
  44  3:53  Queen  
  46  3:57  Zerg Missile Weapons Level 1  
  46  3:58  Overlord  
  46  4:08  Zergling x6  
  47  4:19  Drone x5  
  47  4:21  Roach  
  41  4:50  Drone x5  
  46  4:54  Drone  
  46  4:55  Hatchery  
  46  5:03  Drone x2  
  46  5:04  Lair  
  47  5:12  Roach x2  
  47  5:13  Roach  
  54  5:23  Hatchery  
  54  5:28  Queen  
  53  5:29  Roach x3  
  47  5:44  Drone x4  
  47  5:45  Drone x3  
  54  5:58  Drone x2  
  56  6:09  Drone x2  
  49  6:14  Glial Reconstitution  
  49  6:21  Drone x2  
  51  6:48  Roach  
  51  6:49  Roach x3  
  51  6:50  Overlord x2  
  59  6:55  Extractor  
  59  6:56  Extractor  
Show
View Real Time Build Order
Export as new Build Order

NEEDZMOAR Zerg - Winner!

Build Orders: Hatch First 

Get SALT Encoding   

  12  0:00  Drone  
  13  0:08  Drone  
  14  0:18  Overlord  
  14  0:27  Extractor, Drone  
  15  0:37  Drone  
  15  0:38  Drone  
  17  0:55  Hatchery  
  16  0:57  Drone  
  16  0:59  Extractor  
  16  1:03  Drone  
  17  1:17  Spawning Pool  
  16  1:20  Drone  
  16  1:24  Drone  
  18  1:28  Drone  
  19  1:37  Overlord  
  19  2:03  Metabolic Boost  
  19  2:04  Queen  
  19  2:05  Zergling x4  
  23  2:09  Queen  
  23  2:13  Drone  
  26  2:16  Drone  
  27  2:23  Drone x2  
  27  2:28  Drone  
  30  2:31  Drone  
  31  2:39  Baneling Nest  
  31  2:42  Drone x2  
  32  2:50  Drone  
  33  3:01  Hatchery  
  31  3:06  Overlord  
  31  3:11  Drone x2  
  32  3:18  Zergling x2  
  32  3:19  Zergling x4  
  35  3:21  Zergling x2  
  35  3:24  Zergling x4  
  38  3:28  Overlord  
  38  3:31  Zergling x2  
  38  3:33  Zergling x2  
  40  3:35  Zergling x2  
  41  3:41  Zergling x2  
  41  3:43  Baneling x2  
  42  3:53  Baneling  
  42  3:54  Baneling  
  41  4:00  Zergling x2  
  41  4:01  Zergling x12  
  45  4:22  Queen  
  45  4:23  Zergling x2, Overlord  
  49  4:24  Zergling x14  
  45  4:49  Zergling x2  
  45  4:50  Zergling x14  
  50  4:53  Drone x6  
  50  4:59  Evolution Chamber  
  54  5:11  Drone  
  54  5:12  Drone x4  
  52  5:43  Baneling x3  
  52  5:49  Zerg Ground Armor Level 1  
  49  5:53  Extractor, Drone  
  49  5:54  Extractor, Drone x2  
  49  5:55  Roach Warren, Drone x3  
  52  5:57  Zergling x14  
  52  5:58  Zergling x10  
  59  6:12  Zergling x8  
  59  6:18  Lair  
  63  6:19  Overlord x2  
  63  6:34  Overlord  
  63  6:35  Roach  
  63  6:38  Roach  
  63  6:39  Roach x4  
  74  6:43  Roach x2  
  77  6:48  Roach x2  
  81  6:54  Roach x2  
  81  6:55  Roach x2  
  81  6:59  Drone  
  81  7:01  Overlord x2, Drone  
  86  7:10  Drone x4  
  85  7:16  Drone x4  
  85  7:20  Overlord  
  85  7:24  Drone  
  85  7:25  Drone x3  
Tags
 
Add a new tag
Caveats
  • Supply blocks, unpowered buildings, or Contaminate may cause inaccurate times.
  • Supply counts are checked every 10 seconds.